 Dungeon Crawl Stone Soup version 0.29-a0-474-gdfe5cd140f (webtiles) character file.

Game seed: 9454134545405280482

94 dabmancer the Magician (level 4, -6/21 HPs)
             Began as a Spriggan Hedge Wizard on May 23, 2022.
             Killed by divine providence
             ... invoked by an orc priest
              (16 damage)
             ... on level 2 of the Dungeon.
             The game lasted 00:21:29 (6790 turns).

dabmancer the Magician (Spriggan Hedge Wizard)      Turns: 6790, Time: 00:21:29

Health: -6/21      AC:  2    Str:  6    XL:     4   Next: 38%
Magic:  8/12       EV: 18    Int: 17    God:
Gold:   124        SH:  0    Dex: 20    Spells: 6/14 levels left

rFire   . . .      SeeInvis +   a - +0 dagger
rCold   . . .      Faith    .   (no shield)
rNeg    . . .      Spirit   .   b - +0 robe
rPois   .          Reflect  .   c - +0 hat
rElec   .          Harm     .   (no cloak)
rCorr   .          Rampage  .   (gloves unavailable)
Will    .....                   (boots unavailable)
Stlth   +++.......              (no amulet)
HPRegen 0.07/turn               l - ring of flight
MPRegen 0.13/turn               n - +6 ring of dexterity

@: flying, very slightly contaminated, very quick
A: very small, no large weapons, unfitting armour, see invisible, speed 3
a: no special abilities


You were on level 2 of the Dungeon.
You visited 1 branch of the dungeon, and saw 3 of its levels.

You collected 124 gold pieces.

Inventory:

Hand Weapons
 a - a +0 dagger (weapon)
 i - a +0 hunting sling
Missiles
 k - 67 stones
Armour
 b - a +0 robe (worn)
 c - a +0 hat (worn)
Jewellery
 l - a ring of flight (left hand)
 n - a +6 ring of dexterity (right hand)
Scrolls
 e - 4 scrolls of poison
 f - 2 scrolls of fog
 h - a scroll of magic mapping {unknown}
 q - a scroll of blinking {unknown}
Potions
 d - a potion of magic
 j - a potion of flight {unknown}
 m - a potion of cancellation {unknown}
 o - 2 potions of berserk rage
 p - 3 potions of haste
 r - a potion of heal wounds {unknown}
 s - a potion of invisibility {unknown}
 t - a potion of might {unknown}


   Skills:
 + Level 0.3 Throwing
 + Level 3.1 Dodging
 + Level 3.1 Stealth
 + Level 5.6 Spellcasting
 + Level 1.6 Conjurations
 + Level 0.7 Summonings
 + Level 1.5 Translocations


You had 6 spell levels left.
You knew the following spells:

 Your Spells              Type           Power      Damage    Failure   Level
a - Magic Dart            Conj           40%        1d5       7%          1
b - Blink                 Tloc           18%        N/A       11%         2
c - Call Imp              Summ           7%         N/A       14%         2
d - Conjure Flame         Conj/Fire      7%         6-21      28%         3

Your spell library contained the following spells:

 Spells                   Type           Power      Damage    Failure   Level
 Slow                     Hex            16%        N/A       14%         1
 Mephitic Cloud           Conj/Pois/Air  6%         N/A       32%         3


Dungeon Overview and Level Annotations

Branches:
Dungeon (3/15)

Altars:
Wu Jian

Annotations:
D:3 Grinder


Innate Abilities, Weirdness & Mutations

You are very small and have problems with some larger weapons.
You are too small for most types of armour.
You have supernaturally acute eyesight. (SInv)
You cover ground extremely quickly. (Speed+++)


Message History

You see here a hobgoblin corpse.
The orc priest barely misses you. The orc wizard barely misses you. x2
You fly upwards.
There is a stone staircase leading down here.
Casting: Magic Dart (safe; 7% risk of failure)
Confirm with . or Enter, or press ? or * to list all spells.
You blink.
The orc wizard casts a spell at you.
You are confused.
The orc priest mumbles some strange prayers to Beogh against you.
Pain shoots through your body!
You feel stable enough to blink again.
You feel less confused.
There is a stone staircase leading up here.
You start resting.
An orc priest is nearby!
Casting: Blink (safe; 11% risk of failure)
Confirm with . or Enter, or press ? or * to list all spells.
A beastly little devil appears in a puff of flame.
The orc priest invokes the aid of Beogh against you.
Pain shoots through your body!
Ouch! That really hurt!
* * * LOW HITPOINT WARNING * * *
You swap places.
You see here a +0 club.
You start resting.
An orc wizard is nearby!
Casting: Call Imp (safe; 14% risk of failure)
Confirm with . or Enter, or press ? or * to list all spells.
You miscast Call Imp.
You are very lightly contaminated with residual magic.
Nothing appears to happen.
Casting: Call Imp (safe; 14% risk of failure)
Confirm with . or Enter, or press ? or * to list all spells.
A beastly little devil appears in a puff of frigid air.
The orc priest shouts!
The orc priest calls down the wrath of Beogh upon you.
Beogh smites you!
Ouch! That really hurt!
You die...

#......######## #####.
#.............# #.
#.####..#####.# #.
#.##.......##.####### #.
#.......##.##.#.....# #.
#..#.#........#.###.# ##
#............5#.# #.#
##.#.##.##.##.#<###.##
#.#.##.##....@.##...##
#......#####.####)...#
###.##.#####.##o.....###
#.##.............#.#.#######
#.#######...........#.......
#.# #......)...###...... #.#
#.o.........#....... #.####
#....<...#.#.#.#####
#....########...##.#...##


You could see an orc priest and a friendly white imp (summoned).

Vanquished Creatures
  4 dart slugs
  An orc (D:2)
  5 ball pythons
  6 bats
  5 endoplasms
  3 giant cockroaches (D:1)
  13 goblins
  5 hobgoblins
  6 jackals (D:1)
  A quokka (D:2)
  3 frilled lizards
  3 kobolds
  3 rats
58 creatures vanquished.

Vanquished Creatures (collateral kills)
  Robin (D:3)
  2 worms
  A goblin (D:3)
  A hobgoblin (D:3)
  A kobold (D:3)
6 creatures vanquished.

Vanquished Creatures (others)
  3 plants (D:1)
3 creatures vanquished.

Grand Total: 67 creatures vanquished

Notes
Turn   | Place    | Note
-------+----------+-------------------------------------------
     0 | D:1      | dabmancer the Spriggan Hedge Wizard began the quest for the
                  | Orb.
     0 | D:1      | Reached XP level 1. HP: 9/9 MP: 6/6
   541 | D:1      | Reached XP level 2. HP: 13/13 MP: 2/8
  1327 | D:1      | Reached skill level 1 in Conjurations
  1715 | D:1      | Reached XP level 3. HP: 16/16 MP: 7/10
  1965 | D:1      | Reached skill level 5 in Spellcasting
  2409 | D:2      | Upgraded the game from 0.29-a0-472-ge5599a681e to
                  | 0.29-a0-474-gdfe5cd140f
  2762 | D:2      | Found a faded altar of an unknown god.
  3712 | D:2      | Learned a level 2 spell: Blink
  3715 | D:2      | Learned a level 2 spell: Call Imp
  4165 | D:3      | Noticed Grinder
  4336 | D:3      | Found an ornate altar of the Wu Jian Council.
  4445 | D:3      | Reached XP level 4. HP: 21/21 MP: 7/12
  4659 | D:3      | Noticed Robin
  4818 | D:3      | Killed Robin
  5944 | D:2      | Learned a level 3 spell: Conjure Flame
  6790 | D:2      | Killed from afar by an orc priest

Illustrated notes

Levels and vault maps discovered:
D:1:      lemuel_arrival_broad_hall, layout_basic, chequers_big_river
D:2:      layout_loops_cross, basic_ecumenical_altar, serial_park_tiny_1
D:3:      layout_basic, nzn_wu_jian_council_hall, uniq_grinder, uniq_robin

Skill      XL: |  1  2  3 |
---------------+----------+-----
Conjurations   | 1 |  1.6
Spellcasting   | 5 |  5.6
Dodging        | 3 |  3.1
Throwing       | |  0.3
Stealth        | |  3.1
Summonings     | |  0.7
Translocations | |  1.5

Action                   |  1- 3 |  4- 6 || total
-------------------------+-------+-------++-------
Melee: Dagger            |    40 |       ||    40
 Fire: Hunting sling     |     1 |       ||     1
Throw: Stone             |    16 |       ||    16
 Cast: Magic Dart        |   181 |    33 ||   214
       Call Imp          |     4 |     9 ||    13
       Blink             |       |     1 ||     1
  Use: Scroll            |       |     4 ||     4
Armor: Robe              |    14 |     2 ||    16
Dodge: Dodged            |    59 |    15 ||    74

Table legend: (Time is in decaauts)
 A = Elapsed time spent in this place.
 B = Non-inter-level travel time spent in this place.
 C = Inter-level travel time spent in this place.
 D = Time resting spent in this place.
 E = Time spent auto-exploring this place.
 F = Levels seen in this place.
 G = Mean time per level.
                   A        B        C        D        E       F      G
               +--------+--------+--------+--------+--------+-----+--------+
         Total |   5715 |   5525 |    190 |   2185 |   2400 |   3 | 1905.0 |
       Dungeon |   5715 |   5525 |    190 |   2185 |   2400 |   3 | 1905.0 |
               +--------+--------+--------+--------+--------+-----+--------+

Top non-repeatable levels by time:
     D:2: 2877 daAuts
     D:1: 2300 daAuts
     D:3: 536 daAuts
